AoeStats
← AgusKing

Arena

506513603Analyzed
3v3 RM · 19d ago on Sep 13, 2026· 32m 52s· 6 players
Game mode
Random Map
Map size
Normal (6 player)
Population
200
Speed
Normal
Resources
Standard
Victory
Conquest
Starting age
Dark Age
Ending age
Imperial Age
RankedLock teamsTeams togetherTeam positionsShared explorationLock speedFull tech treeHidden civsTurbo modeCheats
Victory
Defeat
🇨🇴 Saracens · Colombia
743
+7
🇲🇽 Byzantines · Mexico
728
+8
🇵🇱 Khmer · Poland
620
+11
🇺🇸 Persians · United States
886
-21
🇺🇸 Chinese · United States
331
-3
🇧🇷 Bohemians · Brazil
260
-2
AgusKing
5:03 Loom
11:33 Feudal Age
12:54 Wheelbarrow
12:02 Horse Collar
12:10 Double-Bit Axe
21:26 Castle Age
23:33 Fletching
28:20 Bodkin Arrow
28:35 Forging
32:48 Husbandry
32:11 Light Cavalry
red terror
3:26 Loom
11:09 Feudal Age
11:43 Double-Bit Axe
14:12 Gold Mining
15:55 Stone Mining
16:01 Horse Collar
23:07 Castle Age
24:20 Scale Barding Armor
24:16 Padded Archer Armor
24:07 Fletching
24:18 Scale Mail Armor
24:28 Forging
24:33 Bow Saw
25:01 Stone Shaft Mining
25:03 Gold Shaft Mining
25:09 Gold Shaft Mining
24:42 Caravan
25:13 Coinage
26:06 Heavy Plow
27:02 Wheelbarrow
26:13 Town Watch
27:28 Crossbowman
28:14 Husbandry
29:37 Hand Cart
29:31 Town Patrol
32:01 Tusk Swords
32:23 Fortified Wall
32:25 Masonry
32:06 Heated Shot
santiago14_asd
1:21 Loom
12:04 Feudal Age
12:53 Horse Collar
13:03 Double-Bit Axe
19:10 Castle Age
17:35 Gold Mining
20:26 Wheelbarrow
20:23 Pikeman
21:55 Elite Skirmisher
25:28 Fletching
30:42 Imperial Age
28:38 Stone Mining
32:37 Gold Shaft Mining
33:00 Bodkin Arrow
RookyFountain6
5:11 Loom
12:55 Feudal Age
14:11 Wheelbarrow
21:09 Double-Bit Axe
25:25 Castle Age
27:57 Fletching
28:11 Padded Archer Armor
32:03 Bodkin Arrow
32:23 Leather Archer Armor
32:21 Gold Mining
Chevalierpersan
0:37 Loom
10:06 Feudal Age
10:34 Town Watch
14:12 Wheelbarrow
13:47 Double-Bit Axe
14:29 Gold Mining
16:42 Stone Mining
22:01 Castle Age
20:32 Horse Collar
21:27 Bloodlines
21:32 Scale Barding Armor
22:41 Town Patrol
23:07 Fervor
24:12 Hand Cart
24:07 Heavy Plow
25:57 Gold Shaft Mining
27:13 Stone Shaft Mining
29:54 Bow Saw
29:16 Pikeman
29:56 Squires
29:21 Pikeman
29:47 Arson
29:48 Gambesons
31:01 Fletching
31:21 Forging
31:12 Scale Mail Armor
diegoagmaia
0:51 Loom
16:19 Feudal Age
16:44 Horse Collar
17:29 Town Watch
18:19 Wheelbarrow
18:27 Wheelbarrow
17:38 Town Watch
20:29 Padded Archer Armor
20:35 Scale Barding Armor
20:30 Scale Mail Armor
20:42 Forging
20:23 Fletching
21:09 Double-Bit Axe
30:55 Castle Age
32:28 Town Patrol
32:44 Hand Cart
Connection lost

Rejoining the realm…

Still unreachable

The connection could not be restored.

Session expired

The server has moved on; the page needs a fresh start.